 Dungeon Crawl Stone Soup version 0.31-a0-995-g04711c9635 (webtiles) character file.

Game seed: 1718213913722112375

98163 CrazyBamboolord the Warrior (level 16, 0/246 HPs)
             Began as an Ogre Shapeshifter on Nov 6, 2023.
             Was the Champion of Hepliaklqana.
             Slain by a demonic crawler (2 damage)
             ... on level 1 of the Spider Nest.
             The game lasted 01:05:25 (27224 turns).

CrazyBamboolord the Warrior (Ogre Shapeshifter)    Turns: 27224, Time: 01:05:25

Health: 0/246      AC: 28    Str: 34    XL:     16   Next: 21%
Magic:  22/22      EV:  1    Int: 11    God:    Hepliaklqana [******]
Gold:   2231       SH:  0    Dex:  8    Spells: 15/15 levels left

rFire   + .          .
                       - Unarmed
rCold   x . .        (no shield)
rNeg    . . .        j - melded +0 steam dragon scales
rPois   +            w - melded +2 hat {Stlth+}
rElec   .            n - melded +2 cloak {rCorr}
rCorr   .            (gloves unavailable)
SInv    .            (boots unavailable)
Will    +....        R - amulet of regeneration
Stlth   +            m - ring of fire
HPRegen 1.41/turn    W - +6 ring of strength
MPRegen 0.18/turn

%: no passive effects
@: confused, mighty, tree-form, hasted, very quick
A: stationary, stasis, torment immunity, boosted hp, reduced essence, large,
unfitting armour, (tough skin 1)
a: Renounce Religion, Recall Ancestor, Ancestor Identity, Transference, Idealise


You were on level 1 of the Spider Nest.
You worshipped Hepliaklqana.
Hepliaklqana was exalted by your worship.
You were a tree.
You visited 5 branches of the dungeon, and saw 23 of its levels.
You also visited: Sewer.

You collected 2609 gold pieces.
You spent 378 gold pieces at shops.

Inventory:

Missiles
 e - 10 curare-tipped darts
 g - 154 stones
 t - 61 poisoned darts
 J - 10 javelins
Armour
 j - +0 steam dragon scales (melded)
 n - a +2 cloak of preservation (melded)
 w - a +2 hat of stealth (melded)
Jewellery
 k - a ring of see invisible
 m - a ring of fire (left branch)
 R - an amulet of regeneration (around neck)
 T - a ring of resist corrosion
 W - a +6 ring of strength (right branch)
 X - a ring of positive energy
Talismans
 c - a beast talisman
 d - a flux talisman
 F - a serpent talisman (active)
Wands
 i - a wand of paralysis (16)
 r - a wand of polymorph (10)
 E - a wand of flame (54)
 I - a wand of acid (8)
 S - a wand of roots (1) (quivered)
Scrolls
 a - 4 scrolls of poison
 h - 6 scrolls of immolation
 p - 2 scrolls of fear
 s - a scroll of silence
 C - 2 scrolls of butterflies
 D - a scroll of torment
 G - 2 scrolls of teleportation
 H - 5 scrolls of vulnerability
 M - a scroll of revelation
 Q - 2 scrolls of enchant armour
 Y - 2 scrolls of identify
Potions
 b - 4 potions of lignification
 f - 3 potions of invisibility
 l - 2 potions of enlightenment
 o - 6 potions of brilliance
 v - 3 potions of magic
 x - 3 potions of berserk rage
 A - 2 potions of mutation
 B - 3 potions of attraction
 L - 4 potions of resistance
 U - a potion of might
Miscellaneous
 q - a sack of spiders (inert)


   Skills:
 * Level 17.1 Fighting
 * Level 13.2 Dodging
 * Level 13.3 Unarmed Combat
 + Level 9.1 Invocations
 * Level 13.2 Shapeshifting


You had 15 spell levels left.
You didn't know any spells.
Your spell library contained the following spells:

 Spells                   Type           Power      Damage    Failure   Level
 Apportation              Tloc           0%         N/A       34%         1
 Freeze                   Ice            0%         1d3       34%         1
 Magic Dart               Conj           0%         1d3       34%         1
 Necrotise                Necr           0%         1d4       34%         1
 Slow                     Hex            0%         N/A       34%         1
 Summon Small Mammal      Summ           0%         N/A       34%         1
 Blink                    Tloc           0%         N/A       47%         2
 Ensorcelled Hibernation  Hex/Ice        0%         N/A       47%         2
 Lesser Beckoning         Tloc           0%         N/A       47%         2
 Momentum Strike          Conj/Tloc      0%         3d8       47%         2
 Passwall                 Tmut/Erth      0%         N/A       47%         2
 Poisonous Vapours        Pois/Air       0%         N/A       47%         2
 Searing Ray              Conj           0%         2d4       47%         2
 Call Canine Familiar     Summ           0%         N/A       71%         3
 Confusing Touch          Hex            0%         N/A       71%         3
 Frozen Ramparts          Ice            0%         1d1       71%         3
 Hailstorm                Conj/Ice       0%         3d3       71%         3
 Mephitic Cloud           Conj/Pois/Air  0%         N/A       71%         3
 Sigil of Binding         Hex            0%         N/A       71%         3
 Summon Guardian Golem    Hex/Summ       0%         N/A       71%         3
 Swiftness                Air            0%         N/A       71%         3
 Vampiric Draining        Necr           0%         2d6       71%         3
 Anguish                  Hex/Necr       0%         N/A       98%         4
 Animate Armour           Summ/Erth      0%         N/A       98%         4
 Cause Fear               Hex            0%         N/A       98%         4
 Dimensional Bullseye     Hex/Tloc       0%         N/A       98%         4
 Fulminant Prism          Conj/Hex       0%         3d5       98%         4
 Leda's Liquefaction      Hex/Erth       0%         N/A       98%         4
 Summon Ice Beast         Ice/Summ       0%         N/A       98%         4
 Summon Lightning Spire   Summ/Air       0%         N/A       98%         4
 Vhi's Electric Charge    Tloc/Air       0%         N/A       98%         4
 Arcjolt                  Conj/Air       0%         1d10      100%        5
 Freezing Cloud           Conj/Ice/Air   0%         6-21      100%        5
 Lee's Rapid Deconstruct  Erth           0%         3d4*      100%        5
 Summon Forest            Summ/Tloc      0%         N/A       100%        5
 Summon Mana Viper        Hex/Summ       0%         N/A       100%        5
 Simulacrum               Ice/Necr       0%         N/A       100%        6
 Summon Cactus Giant      Summ           0%         N/A       100%        6
 Enfeeble                 Hex            0%         N/A       100%        7
 Orb of Destruction       Conj           0%         9d5       100%        7
 Spellforged Servitor     Conj/Summ      0%         N/A       100%        7
 Maxwell's Capacitive Co  Air            0%         ∞         100%        8


Dungeon Overview and Level Annotations

Branches:
Dungeon (14/15)            Temple (1/1) D:5            Lair (5/5) D:8
 Shoals (0/4) Lair:3       Spider (1/4) Lair:3        Slime (0/5) Lair:5
    Orc (2/2) D:11            Elf (0/3) Orc:2        Vaults (0/5) D:14
  Sewer (visited)

Altars:
Ashenzari
Cheibriados
Dithmenos
Elyvilon
Fedhas
Gozag
Hepliaklqana
Kikubaaqudgha
Makhleb
Nemelex Xobeh
Okawaru
Qazlal
Ru
Sif Muna
Trog
Uskayaw
Vehumet
Wu Jian
Xom
Yredelemnul
Zin
The Shining One

Shops:
D:1 :   D:3 (   D:5 :   D:8 :   D:14 (   Orc:2 :[*?

Portals:
Pandemonium: Orc:2

Annotations:
D:5 1 runed translucent door
D:13 2 transporters, Dahifo's ghost, journeyman TrMo


Innate Abilities, Weirdness & Mutations

You are a tree.
Your roots penetrate the ground, keeping you stationary.
You cannot be teleported.
You are immune to unholy pain and torment.
Your maximum health is greatly increased.
Your equipment is partially melded.
Your life essence is reduced to manifest your ancestor. (-10% HP)
You are too large for most types of armour.
((You have tough skin. (AC +1)))


Message History

Unknown command.
You feel very mighty all of a sudden.
The tarantella rages.
The tarantella touches you!
You are more confused.
The demonic crawler hits you!
The demonic crawler hits you but does no damage. x2
The tarantella touches you!
The tarantella touches you but does no damage.
The culicivora barely misses you.
The moth of wrath goads the culicivora on!
The culicivora goes berserk!
The jumping spider leaps!
You feel yourself speed up.
The tarantella is no longer berserk.
The tarantella touches you.
* * * LOW HITPOINT WARNING * * *
You are more confused.
The tarantella touches you!
* * * LOW HITPOINT WARNING * * *
You are more confused.
The culicivora bites you but does no damage.
The demonic crawler hits you!
* * * LOW HITPOINT WARNING * * *
The demonic crawler hits you but does no damage.
The demonic crawler hits you.
* * * LOW HITPOINT WARNING * * *
The tarantella touches you but does no damage.
The tarantella touches you!!
* * * LOW HITPOINT WARNING * * *
The culicivora bites you!
* * * LOW HITPOINT WARNING * * *
The culicivora draws strength from your injuries!
The moth of wrath goads the demonic crawler on!
The demonic crawler goes berserk!
The moth of wrath goads the demonic crawler on!
The demonic crawler goes berserk!
The demonic crawler hits you but does no damage.
The demonic crawler hits you!
* * * LOW HITPOINT WARNING * * *
The demonic crawler hits you.
You die...

##))......## .... #
## ##.......##
##.#.##..s..####
#..#..#.......#
##....##.....##
##.......y...##
#...........##
#####..ssss.##
#..#....♣s○..#..
##..###...........
###^....##.........#
#..................#
#.^...............#
#####)........#.....
#........#####.....
#.......## ...
###.#..##


You could see 2 demonic crawlers, a moth of wrath, a culicivora (berserk), a
jumping spider and 2 tarantellas.

Vanquished Creatures
  Gastronok (D:12)
  Nessos (D:12)
  2 entropy weavers (Spider:1)
  2 vault guards (D:14)
  Erolcha (D:10)
  3 demonspawn (Orc:2)
  A hydra (Lair:2)
  3 centaur warriors
  A boulder beetle (D:11)
  2 two-headed ogres
  A demonic crawler (Spider:1)
  3 orc high priests (Orc:2)
  Urug (D:10)
  Sonja (D:10)
  Nergalle (D:10)
  2 skysharks
  An orb spider (Spider:1)
  6 orc knights
  5 deep elf zephyrmancers (Orc:2)
  2 deep elf pyromancers (Orc:2)
  Pikel (D:6)
  8 ugly things
  3 orc sorcerers (Orc:2)
  An oklob plant (Lair:5)
  A wolf spider (Lair:5)
  4 manticores
  6 black mambas
  A black mamba (shapeshifter) (D:14)
  An orange demon (Orc:2)
  3 unseen horrors
  A gargoyle (D:12)
  10 cane toads
  2 kobold demonologists
  4 rime drakes
  2 efreet
  10 komodo dragons
  4 trolls
  11 polar bears
  4 meliai
  Prince Ribbit (D:6)
  2 blink frogs
  4 raiju (Lair:5)
  A hellwing (Orc:2)
  A snapping turtle (Lair:3)
  4 jumping spiders
  4 culicivoras (Spider:1)
  A vampire (D:10)
  A ynoxinul (Orc:2)
  48 yaks
  A steam dragon (D:9)
  A wyvern (Lair:5)
  A hog (D:12)
  3 humans
  13 vampire mosquitoes
  5 redbacks
  A chaos spawn (Orc:2)
  4 wargs (Lair:5)
  11 water moccasins
  9 hell hounds (Lair:5)
  Duvessa (D:6)
  26 orc warriors
  12 black bears
  7 ogres
  2 sky beasts
  23 wolves
  18 centaurs
  A phantom (D:5)
  A lemure (D:6)
  6 bullfrogs
  3 kobold brigands
  12 scorpions
  2 wights (D:9)
  3 killer bees (D:5)
  2 howler monkeys
  The ghost of aks0t the Conjurer, a weakling DECj (D:3)
  3 hounds (D:5)
  A jelly (D:8)
  13 orc priests
  Natasha (thrice) (D:2)
  6 orc wizards
  3 iguanas
  A sleepcap (D:5)
  11 hell rats
  7 gnolls
  4 adders
  A shadow imp (D:8)
  A worm (D:4)
  5 dart slugs
  28 orcs
  11 ball pythons
  6 bats
  11 endoplasms
  5 giant cockroaches
  4 goblins
  2 hobgoblins
  4 quokkas
  3 frilled lizards
  28 kobolds
  7 rats
521 creatures vanquished.

Vanquished Creatures (collateral kills)
  Rupert (Spider:1)
  Kirke (D:12)
  An ironbound thunderhulk (D:14)
  A hydra (Lair:3)
  3 boulder beetles
  A centaur warrior (D:14)
  A two-headed ogre (D:9)
  2 orc high priests (Orc:2)
  Amaemon (Lair:3)
  A pharaoh ant (Spider:1)
  An orb spider (Spider:1)
  2 deep elf pyromancers (Orc:2)
  A deep elf zephyrmancer (Orc:2)
  3 orc sorcerers (Orc:2)
  2 ugly things (D:14)
  2 wolf spiders (Lair:3)
  3 black mambas
  An orange demon (Lair:3)
  A gargoyle (D:11)
  5 cane toads
  A komodo dragon (Lair:4)
  A meliai (D:14)
  4 trolls
  2 polar bears (Lair:5)
  2 blink frogs
  A tarantella (Spider:1)
  A jumping spider (Lair:3)
  24 yaks
  A culicivora (Spider:1)
  A water elemental (Lair:3)
  Eustachio (D:4)
  2 steam dragons
  4 redbacks
  A basilisk (Lair:2)
  2 vampire mosquitoes
  3 wargs
  2 hell hounds (Lair:5)
  4 water moccasins
  3 black bears
  5 orc warriors
  An ogre (Orc:2)
  4 centaurs
  A phantom (D:5)
  4 wolves
  3 kobold brigands
  2 bullfrogs
  4 scorpions
  A wight (D:9)
  Dowan (D:6)
  2 howler monkeys (D:9)
  5 killer bees (D:5)
  2 jellies
  14 orc priests
  A gnoll bouda (D:8)
  2 sleepcaps
  2 hell rats
  2 iguanas (D:6)
  2 orc wizards (Orc:2)
  An adder (D:5)
  2 gnolls
  A white imp (D:7)
  2 ufetubi (D:6)
  24 orcs
  15 kobolds
  2 quokkas (D:5)
199 creatures vanquished.

Vanquished Creatures (others)
  27 battlemagi
  An orc wizard (D:6)
  3 ancestors (D:5)
  3 orcs (D:6)
34 creatures vanquished.

Grand Total: 754 creatures vanquished

Notes
Turn   | Place    | Note
-------+----------+-------------------------------------------
     0 | D:1      | CrazyBamboolord the Ogre Shapeshifter began the quest for
                  | the Orb.
     0 | D:1      | Reached XP level 1. HP: 19/19 MP: 1/1
   154 | D:1      | Reached XP level 2. HP: 28/28 MP: 2/2
   355 | D:1      | Reached skill level 2 in Fighting
   382 | D:1      | Found Sanixu's Book Boutique.
   404 | D:1      | Reached XP level 3. HP: 29/35 MP: 3/3
   745 | D:2      | Noticed Natasha
   753 | D:2      | Killed Natasha
   754 | D:2      | Reached XP level 4. HP: 25/42 MP: 4/4
   846 | D:2      | Noticed Natasha
   862 | D:2      | Killed Natasha
  1029 | D:2      | Noticed Natasha
  1038 | D:2      | Killed Natasha
  1128 | D:2      | Reached XP level 5. HP: 50/50 MP: 5/5
  1671 | D:3      | Found a faded altar of an unknown god.
  1678 | D:3      | Prayed at the altar of an unknown god.
  1678 | D:3      | Became a worshipper of Sif Muna the Loreminder
  1678 | D:3      | Reached * piety under Sif Muna
  1692 | D:3      | Fell from the grace of Sif Muna
  1767 | D:3      | Found Xiudgh's Antique Weapon Shop.
  1798 | D:3      | Found a runed translucent gate.
  1799 | D:3      | Found a runed translucent gate.
  1800 | D:3      | Found a runed translucent gate.
  1800 | D:3      | Noticed aks0t's ghost (weakling DECj)
  1864 | D:3      | Noticed a kobold brigand
  2011 | D:3      | Found a basalt altar of Yredelemnul.
  2017 | D:3      | Found an ancient bone altar of Kikubaaqudgha.
  2023 | D:3      | Found a hazy altar of Hepliaklqana.
  2027 | D:3      | Found a sparkling altar of Nemelex Xobeh.
  2030 | D:3      | Found a blossoming altar of Fedhas.
  2034 | D:3      | Found an ornate altar of the Wu Jian Council.
  2053 | D:3      | Became a worshipper of Hepliaklqana the Forgotten
  2941 | D:4      | Reached * piety under Hepliaklqana
  3049 | D:4      | Reached skill level 3 in Fighting
  3049 | D:4      | Reached XP level 6. HP: 44/54 MP: 6/6
  3236 | D:5      | Entered Level 5 of the Dungeon
  3239 | D:5      | Noticed a water moccasin
  3359 | D:5      | Noticed Eustachio
  3374 | D:4      | Killed Eustachio
  3415 | D:5      | Reached XP level 7. HP: 47/60 MP: 7/7
  3439 | D:5      | Found a glowing drain.
  3453 | Sewer    | Entered a sewer
  3900 | D:5      | Reached skill level 4 in Fighting
  4302 | D:5      | Reached skill level 5 in Shapeshifting
  4320 | D:5      | Found a staircase to the Ecumenical Temple.
  4324 | D:5      | Found Guleh's Book Emporium.
  4360 | Temple   | Entered the Ecumenical Temple
  4386 | D:5      | Found a runed translucent door.
  4391 | D:5      | Found a runed translucent gate.
  4392 | D:5      | Found a runed translucent gate.
  4400 | D:5      | Found a runed translucent gate.
  4402 | D:5      | Noticed a redback
  4402 | D:5      | Noticed a redback
  4402 | D:5      | Noticed a redback
  4409 | D:5      | Reached skill level 5 in Unarmed Combat
  4409 | D:5      | Reached XP level 8. HP: 54/71 MP: 8/8
  4546 | D:5      | Found the +9 staff of Olgreb {rPois∞}
  4560 | D:5      | Found a runed translucent door.
  4684 | D:5      | Reached skill level 5 in Dodging
  4835 | D:5      | Reached skill level 5 in Fighting
  4909 | D:5      | Found a burning altar of Makhleb.
  5234 | D:5      | Reached ** piety under Hepliaklqana
  5235 | D:5      | Remembered your ancestor Hildegard as a battlemage
  5589 | D:6      | Reached XP level 9. HP: 27/80 MP: 9/9
  6030 | D:6      | Noticed Prince Ribbit
  6033 | D:6      | Noticed Duvessa
  6037 | D:6      | Noticed Dowan
  6042 | D:6      | Killed Prince Ribbit
  6046 | D:6      | Killed Dowan
  6047 | D:6      | Reached skill level 6 in Fighting
  6049 | D:6      | Killed Duvessa
  6561 | D:6      | Noticed Pikel
  6571 | D:6      | Killed Pikel
  6727 | D:6      | Reached skill level 7 in Fighting
  7164 | D:7      | Found a hide-covered altar of Uskayaw.
  7188 | D:7      | Reached XP level 10. HP: 66/91 MP: 10/10
  7490 | D:7      | Was forgiven by Sif Muna
  8004 | D:7      | You fall into a shaft and drop 2 floors!
  8137 | D:9      | Reached skill level 8 in Fighting
  8141 | D:9      | Reached *** piety under Hepliaklqana
  8235 | D:8      | Found a staircase to the Lair.
  8541 | D:8      | Found Abukaeq's Self-Published Books.
  9621 | D:9      | Noticed a two-headed ogre
  9640 | D:9      | Killed a two-headed ogre
 10083 | D:9      | Reached skill level 9 in Fighting
 10461 | D:10     | Entered Level 10 of the Dungeon
 10555 | D:10     | Reached XP level 11. HP: 72/103 MP: 11/11
 10973 | D:10     | Noticed Sonja
 10984 | D:10     | HP: 1/103 [Sonja/+5 dagger of venom (5)]
 10993 | D:10     | Killed Sonja
 11218 | D:10     | Noticed Urug
 11227 | D:10     | Killed Urug
 11391 | D:10     | Noticed Erolcha
 11397 | D:10     | Killed Erolcha
 11420 | D:10     | Noticed a two-headed ogre
 11421 | D:10     | Noticed Nergalle
 11493 | D:10     | Killed a two-headed ogre
 11499 | D:10     | Killed Nergalle
 11500 | D:10     | Reached skill level 10 in Shapeshifting
 11855 | D:10     | Identified the +2 pair of boots of the Disturbing Seas
                  | {rElec}
 11916 | D:10     | Reached skill level 10 in Fighting
 12042 | D:10     | Reached **** piety under Hepliaklqana
 12569 | D:11     | Noticed a boulder beetle
 12577 | D:11     | Killed a boulder beetle
 12771 | D:11     | Found a staircase to the Orcish Mines.
 12829 | D:11     | Reached XP level 12. HP: 97/115 MP: 12/12
 13010 | D:11     | Noticed a two-headed ogre
 13016 | D:11     | Killed a two-headed ogre
 13348 | D:11     | Reached skill level 11 in Fighting
 13888 | D:12     | Noticed a boulder beetle
 13898 | D:12     | Killed a boulder beetle
 13969 | D:12     | Noticed Gastronok
 14495 | D:12     | Noticed Nessos
 14504 | D:12     | Killed Nessos
 14824 | D:12     | Killed Gastronok
 14825 | D:12     | Reached skill level 12 in Fighting
 14825 | D:12     | Reached skill level 10 in Unarmed Combat
 14935 | D:12     | Noticed Kirke
 14944 | D:12     | Killed Kirke
 15048 | D:12     | Reached skill level 10 in Dodging
 15366 | D:13     | Noticed Dahifo's ghost (journeyman TrMo)
 15372 | D:13     | Noticed a five-headed hydra
 15438 | D:13     | Found a transporter.
 15444 | D:13     | Reached ***** piety under Hepliaklqana
 15489 | D:13     | Found a transporter.
 15589 | D:13     | Reached skill level 1 in Invocations
 15589 | D:13     | Reached XP level 13. HP: 126/126 MP: 13/13
 15691 | D:13     | Identified the +3 ring mail "Pook" {Stlth+}
 16339 | Lair:1   | Entered Level 1 of the Lair of Beasts
 16387 | Lair:1   | Reached skill level 13 in Fighting
 17731 | Lair:2   | Reached skill level 5 in Invocations
 17903 | Lair:3   | Found a staircase to the Shoals.
 18102 | Lair:3   | Noticed Amaemon
 18108 | Lair:3   | Killed Amaemon
 18253 | Lair:3   | Found a hole to the Spider Nest.
 18256 | Lair:3   | Reached skill level 14 in Fighting
 18256 | Lair:3   | Reached XP level 14. HP: 137/140 MP: 18/18
 18318 | Lair:3   | Found a snail-covered altar of Cheibriados.
 19638 | Lair:4   | Reached ****** piety under Hepliaklqana
 20154 | Lair:5   | Entered Level 5 of the Lair of Beasts
 20621 | Lair:5   | Found a staircase to the Slime Pits.
 21203 | Lair:5   | Reached skill level 15 in Fighting
 22223 | Orc:1    | Entered Level 1 of the Orcish Mines
 22262 | Orc:1    | Reached XP level 15. HP: 150/150 MP: 21/21
 22687 | Orc:2    | Entered Level 2 of the Orcish Mines
 22770 | Orc:2    | Found Forheb's General Store.
 22775 | Orc:2    | Found Weesh's Magic Scroll Shop.
 23193 | Orc:2    | Found a staircase to the Elven Halls.
 23807 | Orc:2    | Bought a potion of might for 48 gold pieces
 23807 | Orc:2    | Bought a scroll of teleportation for 36 gold pieces
 23809 | Orc:2    | Bought a scroll of teleportation for 39 gold pieces
 23969 | Orc:2    | Reached skill level 16 in Fighting
 24357 | Orc:2    | Found Wulog's Book Shoppe.
 24357 | Orc:2    | Found Ykonyi's Antique Armour Emporium.
 24358 | Orc:2    | Found a one-way gate leading to the halls of Pandemonium.
 24362 | Orc:2    | Bought a runed cloak for 255 gold pieces
 24938 | D:14     | Found a radiant altar of Vehumet.
 25204 | D:14     | Identified the +0 war axe "Inteckee" {pain, Int+4}
 25290 | D:14     | Found Nuarcho's Antique Weapon Boutique.
 25660 | D:14     | Found a glowing golden altar of the Shining One.
 25711 | D:14     | Found a gate to the Vaults.
 26213 | D:3      | Killed aks0t's ghost
 26385 | D:5      | Reached XP level 16. HP: 163/163 MP: 22/22
 26755 | Spider:1 | Entered Level 1 of the Spider Nest
 26771 | Spider:1 | Noticed Rupert
 26780 | Spider:1 | Killed Rupert
 26800 | Spider:1 | Reached skill level 17 in Fighting
 27224 | Spider:1 | HP: 2/246 [demonic crawler (12)]
 27224 | Spider:1 | Slain by a demonic crawler

Illustrated notes

Levels and vault maps discovered:
D:1:      matt_arrival_refuge, layout_rooms, serial_glass, glass_columns_c,
          glass_columns_b, serial_shops, shop
D:2:      layout_loops_ring, uniq_natasha
D:3:      layout_loops_cross, nicolae_overflow_hallway_of_the_gods,
          serial_shops, shop_fountains, gammafunk_ghost_nasty_kobolds,
          dreamdust_ecumenical_altar_angels_and_demons
D:4:      layout_loops_ring
D:5:      layout_gridville, lemuel_doored_altar, minmay_temple_entry_wispy,
          serial_shops, nicolae_shop_statue_plus, gup_sewer_entry_pipe,
          serial_bayou_pond_d, st_stairs_4,
          minmay_guarded_unrand_staff_of_olgreb, uniq_eustachio
D:6:      layout_loops_ring, hangedman_decor_diamond_cutter, serial_park_tiny_2,
          uniq_prince_ribbit1, uniq_duvessa, uniq_pikel
D:7:      layout_loops_cross, nicolae_uskayaw_murder_on_the_dancefloor,
          kennysheep_generic_room_15
D:8:      layout_layer_cave, dpeg_oklobed_lair, nicolae_custom_books
D:9:      layout_long_grid
D:10:     layout_loops_ring, uniq_erolcha, uniq_urug, uniq_nergalle, uniq_sonja
D:11:     layout_gridville, david_orc_2
D:12:     layout_gridville, uniq_gastronok, uniq_nessos, uniq_kirke
D:13:     layout_loops_ring, nzn_ghost_randoct
D:14:     layout_rooms, hellmonk_vaults_keyhole, nicolae_vehumet_altar_sigil,
          serial_shops, nicolae_shop_stone, tso_oasis_becter
Temple:   jpeg_temple_clearing
Lair:1:   layout_concentric_octagons, infiniplex_staircase_pool
Lair:2:   layout_gridlike, chequers_serial_rivers_room_a,
          dreamdust_deal_with_the_devil, minmay_stone_trees_small,
          fungi_pond_lemuel, grunt_megastairs_1
Lair:3:   layout_cave_pods, minmay_shoals_entry_hut, spider_nest_entry_a,
          basic_altar, nicolae_lair_run_with_the_wolves, serial_bayou_shore_b,
          uniq_amaemon
Lair:4:   layout_regular_city
Lair:5:   hangedman_lair_caniforms_friends, layout_layer_cave, slime_entry_1
Spider:1: layout_spider_delve, uniq_frances, uniq_roxanne, uniq_rupert,
          uniq_aizul, uniq_nikola
Orc:1:    layout_caves
Orc:2:    pf_orc_diabolical, layout_diamond_mine, elves_outpost_lemuel

Skill      XL: |  1  2  3  4  5  6  7  8  9 10 11 12 13 14 15 16 |
---------------+-------------------------------------------------+-----
Dodging        | 2 3 4 5 7 8 10 11 12 13 | 13.2
Fighting       | 2 3 4 5 7 9 10 12 14 15 16 17 | 17.1
Unarmed Combat | 3 4 5 6 7 8 9 10 11 12 13 | 13.3
Shapeshifting  | 4 5 6 7 8 10 11 12 13 | 13.2
Invocations    | 1 5 8 9 |  9.1

Action                     |  1- 3 |  4- 6 |  7- 9 | 10-12 | 13-15 | 16-18 || total
---------------------------+-------+-------+-------+-------+-------+-------++-------
  Melee: Unarmed           |    67 |   123 |   222 |   346 |   813 |    69 ||  1640
         Punch             |     3 |     4 |    11 |       |       |       ||    18
         Constrict         |       |       |       |    43 |   211 |    18 ||   272
  Throw: Dart              |       |     2 |    21 |       |       |       ||    23
         Stone             |       |       |    13 |       |       |       ||    13
 Invoke: Ancestor Identity |       |     1 |       |       |       |       ||     1
         Renounce Religion |       |     1 |       |       |       |       ||     1
         Ancestor Life: Ba |       |       |     1 |       |       |       ||     1
         Recall Ancestor   |       |       |       |     1 |     2 |       ||     3
         Transference      |       |       |       |       |     1 |       ||     1
         Idealise          |       |       |       |       |       |     1 ||     1
Ability: Begin Untransform |       |     1 |       |     1 |       |       ||     2
  Evoke: Wand              |       |       |     2 |     1 |       |     4 ||     7
         Sack of spiders   |       |       |       |       |       |     1 ||     1
    Use: Scroll            |       |     5 |     6 |     9 |    22 |     2 ||    44
         Potion            |       |     1 |     5 |    10 |     4 |     8 ||    28
   Stab: Sleeping          |       |     1 |     1 |       |       |       ||     2
         Distracted        |       |       |     1 |     4 |    10 |     1 ||    16
         Paralysed         |       |       |     3 |     1 |       |       ||     4
 Armour: Animal skin       |    38 |    74 |   157 |     1 |       |       ||   270
         Skin              |       |     2 |       |   170 |   754 |   120 ||  1046
         Steam dragon scal |       |       |       |   148 |       |       ||   148
  Dodge: Dodged            |    24 |    46 |    94 |   238 |   502 |    76 ||   980
   Form: Beast             |       |     1 |       |       |       |       ||     1
         Flux              |       |       |     1 |     1 |       |     1 ||     3
         Anaconda          |       |       |       |     3 |       |     1 ||     4
                           |       |       |       |       |       |     1 ||     1

Table legend: (Time is in decaauts)
 A = Elapsed time spent in this place.
 B = Non-inter-level travel time spent in this place.
 C = Inter-level travel time spent in this place.
 D = Time resting spent in this place.
 E = Time spent auto-exploring this place.
 F = Levels seen in this place.
 G = Mean time per level.
                   A        B        C        D        E       F      G
               +--------+--------+--------+--------+--------+-----+--------+
         Total |  27016 |  25225 |   1791 |   4177 |  16425 |  24 | 1125.7 |
       Dungeon |  17780 |  16562 |   1218 |   2688 |  11178 |  14 | 1270.0 |
        Temple |      1 |      1 |      0 |      0 |      0 |   1 |    1.0 |
          Lair |   5780 |   5390 |    390 |    590 |   3816 |   5 | 1156.0 |
   Spider Nest |    457 |    457 |      0 |    233 |     67 |   1 |  457.0 |
  Orcish Mines |   2567 |   2385 |    182 |    666 |   1079 |   2 | 1283.5 |
         Sewer |    429 |    429 |      0 |      0 |    285 |   1 |  429.0 |
               +--------+--------+--------+--------+--------+-----+--------+

Top non-repeatable levels by time:
   Orc:2: 2007 daAuts
     D:5: 1867 daAuts
    D:12: 1832 daAuts
     D:6: 1686 daAuts
    D:10: 1610 daAuts
  Lair:5: 1566 daAuts
    D:11: 1455 daAuts
  Lair:3: 1443 daAuts
     D:9: 1409 daAuts
     D:8: 1347 daAuts
  Lair:4: 1177 daAuts
    D:14: 1082 daAuts
     D:7: 1056 daAuts
     D:4: 971 daAuts
     D:3: 915 daAuts
